 Dungeon Crawl Stone Soup version 0.19.1 (webtiles) character file.

13353 sveltemanboy the Covert (level 11, -1/57 HPs)
             Began as a Deep Elf Enchanter on Dec 1, 2016.
             Was a High Priest of Dithmenos.
             Slain by a centaur (5 damage)
             ... on level 11 of the Dungeon on Dec 2, 2016.
             The game lasted 00:49:04 (15224 turns).

sveltemanboy the Covert (Deep Elf Enchanter)       Turns: 15224, Time: 00:49:05

Health: -1/57      AC:  7    Str:  5    XL:     11   Next: 74%
Magic:  0/26       EV: 15    Int: 21    God:    Dithmenos [*****.]
Gold:   788        SH:  4    Dex: 18    Spells: 2 memorised, 11 levels left

rFire  . . .     SeeInvis +     a - +2 dagger
rCold  + . .     Gourm    .     e - +1 robe
rNeg   . . .     Faith    .     (no shield)
rPois  +         Spirit   +     r - +2 hat {SInv}
rElec  .         Reflect  .     w - +0 cloak {rPois}
rCorr  .         Harm     .     (no gloves)
MR     +....                    h - +0 pair of boots
Stlth  +++++++++.               y - amulet of guardian spirit
                                K - ring of protection from cold
                                j - ring of magical power

@: wreathed by umbra
A: beak, large bone plates 1, wild magic 1
a: Shadow Step, Shadow Form, Renounce Religion


You were on level 11 of the Dungeon.
You worshipped Dithmenos.
Dithmenos was extremely pleased with you.
You were not hungry.

You visited 1 branch of the dungeon, and saw 11 of its levels.

You collected 814 gold pieces.
You spent 26 gold pieces at shops.

Inventory:

Hand Weapons
 a - a +2 dagger (weapon)
 b - a +0 rapier of freezing
Missiles
 C - 3 throwing nets (quivered)
Armour
 e - a +1 robe (worn)
 h - a +0 pair of boots (worn)
 r - a +2 hat of see invisible (worn)
 w - a +0 cloak of poison resistance (worn)
Jewellery
 j - a ring of magical power (left hand)
 q - an uncursed ring of flight
 y - an amulet of guardian spirit (around neck)
 K - a ring of protection from cold (right hand)
Wands
 B - a wand of enslavement (3/24)
 G - a wand of iceblast (6/15)
Scrolls
 f - 2 scrolls of enchant armour
 i - 2 scrolls of enchant weapon
 k - 2 scrolls of magic mapping
 l - 3 scrolls of identify
 o - 2 scrolls of recharging
 s - 3 scrolls of amnesia
 u - a scroll of blinking
 v - 6 scrolls of remove curse
 z - a scroll of silence
 I - a scroll of fear
Potions
 c - a potion of ambrosia
 p - 2 potions of haste
 t - 2 potions of cancellation
 A - 4 potions of cure mutation
 D - a potion of lignification
 E - 3 potions of flight
 F - 2 potions of might
 J - a potion of curing
Miscellaneous
 L - a sack of spiders
Comestibles
 d - 4 bread rations
 g - 4 beef jerkies
 m - a slice of pizza
 n - 7 meat rations
 x - 7 royal jellies
 H - 4 chunks of flesh


   Skills:
 - Level 2.0 Fighting
 + Level 9.2 Short Blades
 - Level 4.2 Dodging
 + Level 14.1 Stealth
 - Level 3.0 Spellcasting
 - Level 14.0 Hexes
 - Level 5.6 Invocations
 + Level 0.2 Evocations


You had 11 spell levels left.
You knew the following spells:

 Your Spells              Type           Power        Failure   Level  Hunger
a - Confuse               Hex            ######..     1%          3    ###....
b - Ensorcelled Hibernat  Hex/Ice        #####.       2%          2    ##.....


Dungeon Overview and Level Annotations

Branches:
Dungeon (11/15)            Temple (0/1) D:6            Lair (0/6) D:9
    Orc: D:9-12

Altars:
Dithmenos
The Shining One

Shops:
D:5 ?

Annotations:
D:7 1 runed door, exclusion: 2 doors
D:11 exclusion: ice statue


Innate Abilities, Weirdness & Mutations

You have a beak for a mouth.
You are partially covered in large bone plates. (SH +4)
Your spells are a little harder to cast, but a little more powerful.


Message History

Confirm with . or Enter, or press ? or * to list all spells.
Aiming: Ensorcelled Hibernation
Press: ? - help, Shift-Dir - straight line, f - centaur
Aim: a centaur, wielding a shortbow of flaming (umbra, chance to defeat MR: 68%)
The centaur looks drowsy...
The centaur wields a shortbow.
The centaur shoots an arrow.
The arrow hits you!
* * * LOW HITPOINT WARNING * * *
The helpless centaur fails to defend itself.
You perforate the centaur like a sieve!!!!
You kill the centaur!
Dithmenos accepts your kill.
The centaur shoots an arrow.
The arrow barely misses you.
The centaur shoots an arrow.
The arrow barely misses you. The centaur misses you.
The centaur wields a shortbow.
The centaur shoots an arrow.
The arrow completely misses you.
You barely miss the centaur. The centaur hits you.
* * * LOW HITPOINT WARNING * * *
The centaur unwields an uncursed shortbow.
The centaur hits you!
You die...

..........# #..#
#..........# #..#
#..........# . #..#
#......[...# #. #..#
#..........# #. #..#
#..........# #.
#######..####..........####.
#.........cc)...............
#.......c..@...()(..........
#.......######(.####..####.>
#.......# #.(# #..# #.†
#.......# #..# #..# #..
#.......# #..# #..# #..
#.....o.# #..# #..# #..
#....oo(# #..# #..# #..
#.......# #..# #..####..
#.....c.. ...> .........


You could see 3 centaurs.

Vanquished Creatures
  Gastronok (D:8)
  Erica (D:8)
  Pikel (D:6)
  An ugly thing (D:11)
  A troll (D:9)
  A queen bee (D:10)
  Grinder (D:6)
  Prince Ribbit (D:5)
  A hippogriff (D:8)
  The ghost of dscm the Magician, an amateur OpWz (D:5)
  A vampire (D:9)
  Eustachio (D:5)
  13 yaks
  A steam dragon (D:11)
  A hungry ghost (D:9)
  Edmund (D:6)
  A water moccasin (D:8)
  6 orc warriors
  2 black bears
  5 ice beasts
  7 phantoms
  5 ogres
  2 wolves (D:9)
  4 centaurs
  2 bullfrogs (D:8)
  A gnoll sergeant (D:6)
  3 scorpions
  18 killer bees
  5 wights (D:11)
  5 electric eels
  A howler monkey (D:10)
  The ghost of dscm the Chiller, a weakling OpIE (D:4)
  2 crimson imps
  4 bullfrog zombies
  5 hounds
  A centaur zombie (D:5)
  3 jellies
  10 orc priests
  16 orc wizards
  Crazy Yiuf (D:6)
  A bullfrog skeleton (D:11)
  Jessica (D:3)
  A gnoll shaman (D:5)
  7 iguanas
  5 worker ants
  A hound skeleton (D:10)
  A howler monkey zombie (D:5)
  A worker ant zombie (D:5)
  Robin (D:4)
  20 gnolls
  10 adders
  2 shadow imps
  6 oozes
  A dart slug (D:3)
  6 leopard geckos
  66 orcs
  2 ball pythons
  6 giant cockroaches
  9 goblins
  16 hobgoblins
  12 jackals
  9 quokkas
  6 bats
  3 frilled lizards
  7 kobolds
  A leopard gecko skeleton (D:7)
  14 rats
353 creatures vanquished.

Vanquished Creatures (collateral kills)
  A killer bee (D:9)
  A hound (D:9)
  A rat (D:3)
3 creatures vanquished.

Vanquished Creatures (others)
  A scorpion (D:6)
1 creature vanquished.

Grand Total: 357 creatures vanquished

Notes
Turn   | Place    | Note
-------+----------+-------------------------------------------
     0 | D:1      | sveltemanboy the Deep Elf Enchanter began the quest for the Orb.
     0 | D:1      | Reached XP level 1. HP: 10/10 MP: 6/6
   463 | D:1      | Reached XP level 2. HP: 7/15 MP: 8/8
  1179 | D:1      | Learned a level 2 spell: Ensorcelled Hibernation
  2092 | D:2      | Reached XP level 3. HP: 18/19 MP: 9/9
  2541 | D:2      | Reached skill level 5 in Stealth
  2878 | D:2      | Reached XP level 4. HP: 19/24 MP: 10/10
  4004 | D:3      | Reached XP level 5. HP: 28/28 MP: 11/11
  4095 | D:3      | Noticed an ogre
  4096 | D:3      | Noticed Jessica
  4106 | D:3      | Killed an ogre
  4127 | D:3      | Killed Jessica
  4127 | D:3      | Reached XP level 6. HP: 29/32 MP: 12/12
  4524 | D:4      | Noticed Robin
  4986 | D:4      | Learned a level 3 spell: Confuse
  5105 | D:4      | Killed Robin
  5275 | D:4      | Noticed dscm's ghost (weakling OpIE)
  5591 | D:4      | Reached skill level 5 in Hexes
  5880 | D:4      | Killed dscm's ghost
  5902 | D:4      | Found a shadowy altar of Dithmenos.
  5924 | D:4      | Became a worshipper of Dithmenos the Shadowed
  6216 | D:5      | Entered Level 5 of the Dungeon
  6295 | D:5      | Noticed dscm's ghost (amateur OpWz)
  6398 | D:4      | Reached skill level 1 in Invocations
  6398 | D:4      | Reached XP level 7. HP: 32/36 MP: 13/13
  6456 | D:5      | Killed dscm's ghost
  6582 | D:5      | Found Wusaewomma's Magic Scroll Shoppe.
  6592 | D:5      | Noticed Prince Ribbit
  6599 | D:5      | Killed Prince Ribbit
  6599 | D:5      | Reached XP level 8. HP: 41/41 MP: 14/14
  6646 | D:5      | Bought a scroll of identify for 26 gold pieces
  6842 | D:5      | Found a glowing golden altar of the Shining One.
  7379 | D:5      | Noticed Eustachio
  7395 | D:5      | Reached * piety under Dithmenos
  7750 | D:5      | Killed Eustachio
  7863 | D:5      | Reached skill level 10 in Hexes
  7974 | D:6      | Noticed Pikel
  8012 | D:6      | Killed Pikel
  8012 | D:6      | Reached skill level 5 in Invocations
  8012 | D:6      | Reached XP level 9. HP: 28/45 MP: 6/15
  8229 | D:6      | Found a staircase to the Ecumenical Temple.
  8253 | D:6      | Reached skill level 10 in Stealth
  8553 | D:6      | Found a runed door.
  8624 | D:6      | Noticed Crazy Yiuf
  8628 | D:6      | Killed Crazy Yiuf
  8826 | D:6      | Noticed Grinder
  8839 | D:6      | Killed Grinder
  9022 | D:6      | Reached ** piety under Dithmenos
  9162 | D:6      | Noticed Edmund
  9168 | D:6      | Killed Edmund
  9168 | D:6      | Reached skill level 5 in Short Blades
  9616 | D:7      | Found a runed door.
  9626 | D:7      | Found a runed door.
  9893 | D:7      | Reached XP level 10. HP: 50/50 MP: 16/16
  9916 | D:7      | Gained mutation: Your spells are a little harder to cast, but a little more powerful. [potion of beneficial mutation]
 10254 | D:8      | Noticed Gastronok
 10267 | D:8      | Killed Gastronok
 10580 | D:8      | Reached *** piety under Dithmenos
 10852 | D:8      | Noticed Erica
 10888 | D:8      | Killed Erica
 10888 | D:8      | Reached skill level 1 in Fighting
 11265 | D:8      | Reached XP level 11. HP: 33/57 MP: 11/17
 11456 | D:8      | Reached **** piety under Dithmenos
 12059 | D:9      | Found a staircase to the Lair.
 13421 | D:10     | Entered Level 10 of the Dungeon
 13708 | D:10     | Reached ***** piety under Dithmenos
 14585 | D:11     | Noticed a cyan ugly thing
 14587 | D:11     | Killed a cyan ugly thing
 14686 | D:11     | Gained mutation: You are partially covered in large bone plates. (SH +4) [potion of mutation]
 14686 | D:11     | Gained mutation: You have a beak for a mouth. [potion of mutation]
 15224 | D:11     | Slain by a centaur

Skill      XL: |  1  2  3  4  5  6  7  8  9 10 11 |
---------------+----------------------------------+-----
Stealth        | 4 5 6 7 8 9 10 12 14 | 14.1
Short Blades   | 2 3 4 5 7 9 |  9.2
Hexes          | 6 7 10 12 14 | 14.0
Invocations    | 1 2 5 |  5.6
Fighting       | 2 |  2.0
Dodging        | 4 |  4.2
Spellcasting   | |  3.0
Evocations     | |  0.2

Action                   |  1- 3 |  4- 6 |  7- 9 | 10-12 || total
-------------------------+-------+-------+-------+-------++-------
Melee: Dagger            |   147 |   144 |   182 |   289 ||   762
       Short sword       |    13 |   109 |       |       ||   122
       Rapier            |       |       |   104 |   242 ||   346
       Peck              |       |       |       |     6 ||     6
 Cast: Ensorcelled Hiber |    17 |    32 |    63 |    54 ||   166
       Confuse           |       |     6 |    29 |    54 ||    89
Evoke: Wand              |       |     1 |       |     2 ||     3
  Use: Scroll            |     3 |     1 |    11 |     7 ||    22
       Potion            |       |     5 |       |     4 ||     9
 Stab: Sleeping          |    19 |    33 |    45 |    77 ||   174
       Confused          |       |     3 |    20 |    43 ||    66
       Distracted        |       |     1 |       |     5 ||     6
  Eat: Chunk             |     7 |    13 |    17 |    25 ||    62
Armor: Robe              |    38 |    58 |    62 |    76 ||   234
Dodge: Dodged            |   106 |   133 |   193 |   315 ||   747
Block: Other             |       |       |       |     8 ||     8
